 Dungeon Crawl Stone Soup version 0.8.0-a0-3469-g66ff297 character file.

4765 Migo the Slicer (level 10, -2/90 HPs)
             Began as a Kobold Berserker on Dec 4, 2010.
             Was the Champion of Trog.
             Slain by a ghost moth (7 damage)
             ... in a spider's nest.
             The game lasted 01:41:41 (9033 turns).

Migo the Slicer (Kobold Berserker)                  Turns: 9033, Time: 01:41:41

HP  -2/90        AC  5     Str 22 (23) Exp: 10/6257 (57), need: 1503
MP   0/9         EV 19     Int  4 (5)  God: Trog [******]
Gold 386         SH 13     Dex 15 (17) Spells:  0 memorised,  9 levels left

Res.Fire  : . . .   See Invis. : .   N - +4,+3 orc dagger (venom)
Res.Cold  : + . .   Warding    : .   X - +0 elf robe {rC+}
Life Prot.: . . .   Conserve   : .   y - +0 buckler
Res.Poison: .       Res.Corr.  : .   g - +0 helmet
Res.Elec. : .       Clarity    : .   R - +0 orc cloak Spirit.Shd: . Stasis : .
                                     T - +0 pair of gauntlets
Sust.Abil.: + .     Rnd.Telep. : .   (no boots)
Res.Mut.  : .       Ctrl.Telep.: .   Q - amulet of faith
Res.Rott. : .       Levitation : .   (no ring)
Saprovore : + + .   Ctrl.Flight: .   L - ring of sustain abilities

@: berserking (expires), very poisoned, very quick, somewhat resistant to
hostile enchantments, extremely unstealthy
A: blink 1, carnivore 3, deterioration 1, saprovore 2
a: Blink, Burn Spellbooks, Berserk, Trog's Hand, Brothers in Arms, Renounce
Religion


You were in a spider's nest.
You worshipped Trog.
Trog was exalted by your worship.
You were not hungry.

You visited 2 branches of the dungeon, and saw 10 of its levels.
You visited 2 portal chambers: sewer, spiders nest.

You collected 416 gold pieces.
You spent 50 gold pieces at shops.

Inventory:

Hand weapons
 a - a +3,+0 elven dagger of speed (quivered)
 E - a +2 elven blowgun
 N - a +4,+3 orcish dagger of venom (weapon)
 U - a +1,+2 dagger of venom {god gift}
Missiles
 k - 47 poisoned +0 needles
 p - 42 +0 darts
 M - 65 +0 stones
 Y - 8 +0 needles of sleeping
Armour
 g - a +0 helmet (worn)
 y - a +0 buckler (worn)
 R - a +0 orcish cloak (worn)
 T - a +0 pair of gauntlets (worn)
 X - a +0 elven robe of cold resistance (worn)
Magical devices
 i - a wand of fire (0)
 m - a wand of polymorph other (3)
 w - a wand of flame (15)
 x - a wand of teleportation (5)
 V - a wand of frost (14)
Comestibles
 n - a beef jerky
Scrolls
 b - 4 scrolls of fear
 d - 5 scrolls of teleportation
 f - 4 scrolls of remove curse
 j - 2 scrolls of random uselessness {unknown}
 o - 3 scrolls of amnesia {unknown}
 q - 5 scrolls of detect curse
 s - 2 scrolls of fog {unknown}
 v - 3 scrolls of recharging {unknown}
 B - a scroll of torment {unknown}
 C - 2 scrolls of curse armour {unknown}
 D - 2 scrolls of blinking
 P - a scroll of paper {unknown}
 W - a scroll of identify
 Z - a scroll of enchant weapon I {unknown}
Jewellery
 L - a ring of sustain abilities (left hand)
 O - an uncursed amulet of conservation
 Q - an amulet of faith (around neck)
Potions
 e - 4 potions of heal wounds
 h - a potion of degeneration {unknown}
 l - 5 potions of healing
 r - 3 potions of paralysis {unknown}
 t - 2 potions of slowing {unknown}
 z - 2 potions of might {unknown}
 A - a potion of agility {unknown}
 F - a potion of gain dexterity {unknown}
 G - 4 potions of levitation {unknown}
 H - a potion of cure mutation {unknown}
 I - a potion of brilliance {unknown}
 J - a potion of restore abilities {unknown}
 K - a potion of poison {unknown}
 S - a potion of speed {unknown} You had 57 experience left.


   Skills:
 + Level 6 Fighting
 + Level 12 Short Blades
 - Level 3 Maces & Flails
 - Level 1 Armour
 + Level 8 Dodging
 + Level 5 Stealth
 + Level 2 Stabbing
 + Level 2 Shields
 + Level 2 Evocations


You had 9 spell levels left.
You didn't know any spells.

Dungeon Overview and Level Annotations

Branches:
Dungeon (9/27)             Temple (0/1) D:6             Orc (0/4) D:6
   Lair (1/8) D:9

Altars:
The Shining One

Shops:
D:5: ?[? D:9: (


Innate Abilities, Weirdness & Mutations

You recuperate from illness quickly.
You are small and have problems with some larger weapons.
You are carnivorous and can eat meat at any time.
You can eat rotten meat.
You can translocate small distances at will.
Your body is slowly deteriorating.


Message History

You feel sick. The tarantella misses you.
You slash the tarantella!
The tarantella is poisoned.
The tarantella is moderately wounded.
* * * LOW HITPOINT WARNING * * *
You feel very sick. It hits you!
You die...

...## ...
....## ....
~....# ...~
#~...# ...~#
##~...#
....~##~....#
#....~~.%..#
#.....ss%#
##.....@##
##.\\s##
######


You could see 3 tarantellas.

Vanquished Creatures
  The ghost of Disco the Twirler, an experienced MiBe of Trog (D:5)
  A troll (D:9)
  A giant toad (D:8)
  Edmund (D:6)
  A wyvern (D:9)
  2 hippogriffs (D:9)
  A sky beast (D:9)
  A phantom (D:6)
  3 ogres
  An ice beast (D:7)
  4 orc warriors
  The ghost of blackcustard the Shooter, an average CeHu (Spider)
  A centaur (D:9)
  2 wargs (D:6)
  Sigmund (D:3)
  Duvessa (D:5)
  A big kobold (Spider)
  3 tarantellas (Spider)
  A water moccasin (D:9)
  4 giant frogs
  A water moccasin zombie (D:8)
  Blork the orc (D:5)
  6 wights
  A quasit (D:7)
  4 imps
  A big kobold skeleton (D:8)
  5 hounds
  Crazy Yiuf (D:2)
  A big fish (Spider)
  3 orc priests
  3 giant ants
  An iguana (D:5)
  7 orc wizards
  A giant ant zombie (D:5)
  Ijyb (D:5)
  A mummy (D:3)
  3 gnolls (D:5)
  A green rat (Spider)
  11 snakes
  A giant mite (D:8)
  7 worms
  6 grey rats
  A giant bat skeleton (D:4)
  A giant eyeball (D:6)
  5 giant geckos
  3 oozes
  9 giant cockroaches
  9 hobgoblins
  13 jackals
  20 kobolds
  41 orcs
  A quokka (D:9)
  3 small snakes
  18 giant bats
  A giant gecko skeleton (D:9)
  9 giant newts
  16 goblins
  An orc skeleton (D:8)
  A quokka zombie (D:5)
  19 rats
  2 rat skeletons
272 creatures vanquished.

Vanquished Creatures (others)
  A jackal (D:5)
  A rat (D:9)
  A fungus (D:9)
3 creatures vanquished.

Grand Total: 275 creatures vanquished

Notes
Turn   | Place    | Note
--------------------------------------------------------------
     0 | D:1      | Migo, the Kobold Berserker, began the quest for the Orb.
     0 | D:1      | Reached XP level 1. HP: 13/13 MP: 0/0
   379 | D:1      | Reached XP level 2. HP: 10/17 MP: 1/1
   622 | D:1      | Reached skill level 1 in Short Blades
  1059 | D:1      | Reached skill level 1 in Stealth
  1079 | D:1      | Reached XP level 3. HP: 19/22 MP: 2/2
  1085 | D:1      | Acquired Trog's second power
  1486 | D:2      | Reached XP level 4. HP: 15/26 MP: 3/3
  1575 | D:2      | Reached skill level 4 in Dodging
  1991 | D:2      | Noticed Crazy Yiuf
  2002 | D:2      | Defeated Crazy Yiuf
  2002 | D:2      | Reached XP level 5. HP: 32/32 MP: 4/4
  2090 | D:3      | Found a glowing drain. 2142
                  | sewer
                  | Entered the sewers 2142
                  | sewer
                  | Noticed blackcustard's ghost (average CeHu) 2147
                  | sewer
                  | Reached skill level 1 in Stabbing 2164
                  | sewer
                  | Defeated blackcustard's ghost 2164
                  | sewer
                  | Reached XP level 6. HP: 36/36 MP: 5/5 2285
                  | sewer
                  | Reached skill level 5 in Short Blades 2311
                  | sewer
                  | Reached skill level 5 in Dodging 2361
                  | sewer
                  | Found a white marble altar of Elyvilon.
  2438 | D:3      | Reached skill level 6 in Short Blades
  2621 | D:3      | Noticed a mummy
  2646 | D:3      | Defeated a mummy
  2646 | D:3      | Reached XP level 7. HP: 25/42 MP: 6/6
  3260 | D:3      | Found a glowing golden altar of the Shining One.
  3516 | D:3      | Noticed Sigmund
  3537 | D:3      | Defeated Sigmund
  3538 | D:3      | Acquired Trog's third power
  4299 | D:4      | Reached skill level 7 in Short Blades
  4637 | D:5      | Entered Level 5 of the Dungeon
  4644 | D:5      | Noticed Ijyb
  4667 | D:5      | Defeated Ijyb
  4851 | D:5      | Reached XP level 8. HP: 46/46 MP: 7/7
  4855 | D:5      | Noticed Blork the orc
  4862 | D:5      | Defeated Blork the orc
  4899 | D:5      | Reached skill level 1 in Shields
  4918 | D:5      | Found Rusaogu's Magic Scroll Boutique.
  4922 | D:5      | Bought a scroll of immolation for 1 gold piece
  4922 | D:5      | Bought a scroll of curse weapon for 1 gold piece
  4922 | D:5      | Bought a scroll of noise for 2 gold pieces
  4922 | D:5      | Bought a scroll of identify for 24 gold pieces
  5038 | D:5      | Found Traebaec's Antique Armour Shop.
  5041 | D:5      | Bought a runed elven robe for 22 gold pieces
  5071 | D:5      | Reached skill level 8 in Short Blades
  5130 | D:5      | Found Saink's Magic Scroll Emporium.
  5235 | D:5      | Noticed Duvessa
  5414 | D:5      | Gained mutation: Your body is slowly deteriorating.
  5416 | D:5      | Noticed Dowan
  5425 | D:5      | Gained mutation: You can translocate small distances at will.
  5428 | D:5      | Reached skill level 5 in Fighting
  5431 | D:5      | Defeated Duvessa
  5692 | D:5      | Noticed Disco's ghost (experienced MiBe)
  5725 | D:5      | Defeated Disco's ghost
  5725 | D:5      | Reached XP level 9. HP: 54/54 MP: 8/8
  5960 | D:6      | Reached skill level 9 in Short Blades
  6109 | D:6      | Found a staircase to the Ecumenical Temple.
  6158 | D:6      | Noticed Edmund
  6195 | D:6      | Reached skill level 10 in Short Blades
  6202 | D:6      | Defeated Edmund
  6552 | D:6      | Found a staircase to the Orcish Mines.
  6677 | D:6      | Reached skill level 11 in Short Blades
  8052 | D:8      | Reached XP level 10. HP: 56/60 MP: 9/9
  8086 | D:8      | Reached skill level 12 in Short Blades
  8633 | D:9      | Reached skill level 5 in Stealth
  8653 | D:9      | Received a gift from Trog
  8658 | D:9      | Reached skill level 1 in Evocations
  8675 | D:9      | Found Wuappour's Antique Weapon Shoppe.
  8852 | D:9      | Found a staircase to the Lair.
  8987 | Lair:1   | Entered Level 1 of the Lair of Beasts
  8993 | Lair:1   | Found a crumbling entrance.
  9003 | Spider   | Entered a spider's nest
  9033 | Spider   | Slain by a ghost moth
